 Dungeon Crawl Stone Soup version 0.31.0-32-g396128a36d (webtiles) character file.

Game seed: 17039575197622324979

28 hawla the Firebug (level 2, -1/15 HPs)
             Began as a Deep Elf Fire Elementalist on Apr 14, 2024.
             Slain by a dart slug (3 damage)
             ... on level 1 of the Dungeon.
             The game lasted 00:01:28 (540 turns).

hawla the Firebug (Deep Elf Fire Elementalist)       Turns: 540, Time: 00:01:29

Health: -1/15      AC:  2    Str:  5    XL:     2   Next: 96%
Magic:  8/8        EV: 12    Int: 19    God:
Gold:   70         SH:  0    Dex: 15    Spells: 4/7 levels left

rFire   . . .        (no weapon)
rCold   . . .        (no shield)
rNeg    . . .        a - +0 robe
rPois   .            (no helmet)
rElec   .            (no cloak)
rCorr   .            (no gloves)
SInv    .            (no boots)
Will    .....        (no amulet)
Stlth   ++           (no ring)
HPRegen 0.22/turn    (no ring)
MPRegen 0.11/turn

%: no passive effects
@: very slightly contaminated
A: no striking features
a: no special abilities


You were on level 1 of the Dungeon.
You visited 1 branch of the dungeon, and saw 1 of its levels.

You collected 70 gold pieces.

Inventory:

Armour
 a - a +0 robe (worn)
Scrolls
 c - 2 scrolls of identify {unknown}
 d - a scroll of enchant weapon {unknown}


   Skills:
 - Level 2.4 Dodging
 - Level 2.4 Stealth
 - Level 3.0 Spellcasting
 - Level 1.1 Conjurations
 + Level 4.6 Fire Magic


You had 4 spell levels left.
You knew the following spells:

 Your Spells              Type           Power      Damage    Failure   Level
a - Foxfire               Conj/Fire      52%        2x1d6     4%          1
b - Scorch                Fire           40%        2d6       3%          2

Your spell library contained the following spells:

 Spells                   Type           Power      Damage    Failure   Level
 Inner Flame              Hex/Fire       11%        N/A       19%         3
 Volatile Blastmotes      Fire/Tloc      22%        2d11      19%         3
 Flame Wave               Conj/Fire      13%        2d6       43%         4


Dungeon Overview and Level Annotations

Branches:
Dungeon (1/15)

Altars:


Message History

The ball python constricts you. The ball python bites you.
The ball python constricts you.
You see here a bat corpse.
Casting: Scorch (safe; 3% risk of failure)
Confirm with . or Enter, or press ? or * to list all spells.
You conjure some foxfire!
The ball python closely misses you. The ball python constricts you.
The dart slug briefly extends its eye-stalks.
Casting: Foxfire (safe; 4% risk of failure)
Confirm with . or Enter, or press ? or * to list all spells.
You conjure some foxfire!
The foxfire hits the ball python.
The ball python is heavily wounded.
The foxfire hits the ball python.
You kill the ball python!
Found 24 gold pieces.
The foxfire hits the dart slug.
The dart slug is moderately wounded.
The foxfire hits the dart slug.
The dart slug is heavily wounded.
The dart slug closely misses you.
You see here a ball python corpse.
Casting: Foxfire (safe; 4% risk of failure)
Confirm with . or Enter, or press ? or * to list all spells.
You miscast Foxfire.
You are very lightly contaminated with residual magic.
Nothing appears to happen.
The dart slug barely misses you.
You hit the dart slug but do no damage.
The dart slug is heavily wounded.
The goblin closely misses you.
Unknown command.
You barely miss the goblin. The dart slug launches a dart at you.
The slug dart hits you. The goblin closely misses you.
You hit the goblin.
The goblin is moderately wounded.
The dart slug launches a dart at you. The slug dart hits you.
The goblin hits you with a +3 dagger.
* * * LOW HITPOINT WARNING * * *
Magic courses through your body. The goblin barely misses you.
The dart slug bites you.
You die...

....$....# .........#
.........# .#
$........# ## .
.........# .#.
.........# ... ##
.?....wg.# #.# .#
.......@.#### ♣.♣ .#
.(......†...##♣♣.♣♣###
.#
.#####+#.##..........#
.# #.#####♣♣.♣♣#.# .#
#.# ♣.♣ #.# .# #.#
##.###.## .#
#.######..#....# .#
#........##.#### .#
###########.#


You could see a dart slug and a goblin.

Vanquished Creatures
  4 dart slugs (D:1)
  2 ball pythons (D:1)
  3 giant cockroaches (D:1)
  2 hobgoblins (D:1)
  A kobold (D:1)
  4 bats (D:1)
  2 frilled lizards (D:1)
  A rat (D:1)
19 creatures vanquished.

Vanquished Creatures (others)
  41 foxfires (D:1)
41 creatures vanquished.

Grand Total: 60 creatures vanquished

Notes
Turn   | Place    | Note
-------+----------+-------------------------------------------
     0 | D:1      | hawla the Deep Elf Fire Elementalist began the quest for
                  | the Orb.
     0 | D:1      | Reached XP level 1. HP: 10/10 MP: 6/6
    69 | D:1      | Reached XP level 2. HP: 7/15 MP: 5/8
    74 | D:1      | Reached skill level 4 in Fire Magic
   166 | D:1      | Learned a level 2 spell: Scorch
   540 | D:1      | Slain by a dart slug

Illustrated notes

Levels and vault maps discovered:
D:1:      sevenhm_arrival_forest_fort_small_4, layout_basic,
          nicolae_ecumenical_lake_church, minmay_tree_intersection

Skill      XL: |  1  2 |
---------------+-------+-----
Fire Magic     | 4 |  4.6
Dodging        | |  2.4
Stealth        | |  2.4
Spellcasting   | |  3.0
Conjurations   | |  1.1

Action                     || total
---------------------------++-------
  Melee: Unarmed           ||     9
   Cast: Foxfire           ||    23
         Scorch            ||     5
    Use: Potion            ||     2
 Armour: Robe              ||    14
  Dodge: Dodged            ||    18
